 Dungeon Crawl Stone Soup version 0.17-a0-1382-gc46a074 (webtiles) character file.

7 ololoev the Stinger (level 1, -1/13 HPs)
             Began as a Mummy Venom Mage on June 15, 2015.
             Slain by a kobold
             ... wielding a +0 short sword
              (3 damage)
             ... on level 1 of the Dungeon.
             The game lasted 00:00:55 (334 turns).

ololoev the Stinger (Mummy Venom Mage)               Turns: 334, Time: 00:00:55

Health: -1/13      AC:  2    Str: 11    XL:     1   Next: 83%
Magic:  1/3        EV: 12    Int: 14    God:
Gold:   0          SH:  0    Dex: 12    Spells: 1 memorised, 3 levels left

rFire  x . .     SeeInvis .     c - +2 whip (drain)
rCold  + . .     Clarity  .     a - +0 robe
rNeg   + + +     SustAt   .     (no shield)
rPois  ∞         Gourm    .     (no helmet)
rElec  .         Spirit   .     (no cloak)
rCorr  .         Warding  .     (no gloves)
rMut   .         Stasis   .     (no boots)
MR     .....                    (no amulet)
Stlth  ++........               (no ring)
                                (no ring)

@: not resistant to hostile enchantments, unstealthy
A: no food or potions, fire vulnerability, cold resistance 1, negative energy
resistance 3, torment resistance, unbreathing
a: no special abilities


Innate Abilities, Weirdness & Mutations

You do not eat or drink.
Your flesh is vulnerable to fire.
You are immune to poison.
Your flesh is cold resistant.
You are immune to negative energy.
You are immune to unholy pain and torment.
You can survive without breathing.

Inventory:

Hand weapons
 c - a +2 whip of draining (weapon)
Armour
 a - a +0 robe (worn)
Scrolls
 d - a scroll of identify {unknown}
Books
 b - a Young Poisoner's Handbook

   Spells                             Type                      Level
   a - Sting                          Conjuration/Poison           1
   b - Cure Poison                    Poison                       2
   c - Mephitic Cloud                 Conjuration/Poison/Air       3
   d - Olgreb's Toxic Radiance        Poison                       4
   e - Venom Bolt                     Conjuration/Poison           5


   Skills:
 - Level 1.5 Dodging
 - Level 1.5 Stealth
 - Level 2.0 Spellcasting
 + Level 0.2 Conjurations
 * Level 3.5 Poison Magic


You had 3 spell levels left.
You knew the following spells:

 Your Spells              Type           Power        Failure   Level  Hunger
a - Sting                 Conj/Pois      #...         14%         1    N/A


You were on level 1 of the Dungeon.
You were not hungry.

You visited 1 branch of the dungeon, and saw 1 of its levels.

.#######..
..........
#.########.
###.########.
..)..........
#.##....###
########.##.##.#
#............#.#
#@#..........#.#
#K#..........#.#
#.#........(.#.#
#.#..........#.#
#.#.).(......#.#
..
#.######.##..#
.. #.# #.#####
.###.# #.#
..##.# #.#

Notes
Turn   | Place    | Note
--------------------------------------------------------------
     0 | D:1      | ololoev the Mummy Venom Mage began the quest for the Orb.
     0 | D:1      | Reached XP level 1. HP: 13/13 MP: 3/3
   334 | D:1      | Slain by a kobold

Dungeon Overview and Level Annotations

Branches:
Dungeon (1/15)

Altars:


Message History

No target in view!
Found a dark potion.
Found a mace.
Found 34 stones.
No target in view!
Found a runed short sword.
d - a scroll labeled YCIRON ANUNEAL A giant cockroach and a kobold come into view.
The kobold shouts!
You closely miss the kobold. The kobold barely misses you.
You barely miss the kobold. The kobold hits you with a short sword.
The giant cockroach barely misses you.
You barely miss the giant cockroach. The kobold hits you with a short sword.
The giant cockroach barely misses you. The kobold barely misses you.
You are too injured to fight recklessly!
Casting: Sting
Confirm with . or Enter, or press ? or * to list all spells.
Aiming: Sting
Press: ? - help, Shift-Dir - straight line, f - giant cockroach
Aim: a giant cockroach (clinging)
The sting hits the giant cockroach.
The giant cockroach appears unharmed.
The giant cockroach barely misses you.
The giant cockroach bites you but does no damage.
The giant cockroach barely misses you. The giant cockroach bites you.
Casting: Sting
Confirm with . or Enter, or press ? or * to list all spells.
Aiming: Sting
Press: ? - help, Shift-Dir - straight line, f/p - giant cockroach
Aim: a giant cockroach (clinging)
The sting hits the giant cockroach.
The giant cockroach is poisoned.
You kill the giant cockroach!
Casting: Sting
Confirm with . or Enter, or press ? or * to list all spells.
Aiming: Sting
Press: ? - help, Shift-Dir - straight line, f - kobold
Aim: a kobold, wielding a short sword The sting hits the kobold.
The kobold appears unharmed.
The kobold hits you with a short sword.
You die...

You could see a kobold.

Vanquished Creatures
  A giant gecko (D:1)
  A giant cockroach (D:1)
  A bat (D:1)
  A giant newt (D:1)
  2 kobolds (D:1)
  A rat (D:1)
7 creatures vanquished.

Action                   || total
-------------------------++-------
Melee: Whip              ||     6
       Unarmed           ||     1
 Cast: Sting             ||    10

Vault maps used:
D:1:      dpeg_arrival_rhombus, kennysheep_minor_cross
